Map: Kairos Junction LE

Players

ViBE - Winner!

  • Race: Zerg Zerg
  • League: Diamond
  • Spawn Location: 11:00

Rovers

  • Race: Terran Terran
  • Spawn Location: 5:00

VOD

Have the link to the VOD?

Description

Time

  • Played on: Dec. 1, 2018, 11:07 p.m.
  • Length: 12:32
Show
View Real Time Build Order
Export as new Build Order

ViBE Zerg - Winner!

Build Orders: Hatch First 

Get SALT Encoding   

  12  0:01  Drone  
  13  0:13  Overlord  
  13  0:19  Drone  
  14  0:31  Drone x2  
  16  0:38  Drone  
  17  0:54  Hatchery  
  16  0:57  Drone  
  16  1:00  Drone  
  18  1:15  Extractor  
  18  1:16  Spawning Pool  
  18  1:17  Drone  
  17  1:21  Drone  
  18  1:28  Drone  
  19  1:45  Overlord  
  19  2:03  Queen  
  19  2:04  Drone x2  
  19  2:08  Queen  
  25  2:13  Drone x2  
  27  2:24  Drone x2  
  28  2:31  Drone  
  29  2:39  Drone x2  
  31  2:44  Drone  
  31  2:49  Drone  
  33  2:53  Evolution Chamber  
  33  2:55  Evolution Chamber  
  33  2:56  Drone  
  32  3:02  Queen  
  32  3:04  Overlord  
  34  3:18  Overlord, Drone x3  
  36  3:23  Zerg Ground Armor Level 1, Zerg Melee Weapons Level 1  
  36  3:34  Hatchery  
  36  3:35  Drone  
  36  3:42  Drone  
  36  3:43  Drone x3  
  40  3:54  Metabolic Boost  
  40  3:58  Drone  
  41  4:03  Queen  
  41  4:06  Drone  
  41  4:07  Drone x5  
  49  4:13  Overlord, Drone  
  50  4:20  Zergling x4  
  52  4:32  Zergling x6  
  52  4:36  Zergling x10  
  52  4:37  Overlord x2  
  60  4:47  Zergling x4  
  62  4:54  Zergling x2  
  62  4:59  Drone, Baneling Nest  
  63  5:04  Zergling x4  
  65  5:13  Zergling x16  
  74  5:28  Zergling x10  
  78  5:39  Overlord  
  78  5:40  Overlord  
  78  5:44  Baneling  
  78  5:45  Baneling x9  
  78  5:53  Drone x4  
  78  5:55  Overlord x3  
  79  6:09  Zergling x14  
  68  6:22  Zergling x6  
  68  6:23  Zergling x8  
  74  6:29  Lair  
  69  6:33  Zergling x10  
  62  6:51  Drone  
  62  6:52  Drone x7  
  68  6:55  Hatchery  
  68  7:00  Drone  
  68  7:01  Drone  
  69  7:10  Extractor  
  69  7:11  Extractor, Drone x2  
  69  7:12  Extractor  
  68  7:17  Drone  
  69  7:23  Drone x2  
  71  7:35  Overlord  
  71  7:36  Overlord x2  
  71  7:43  Hydralisk Den  
  70  7:45  Hatchery  
  70  7:49  Drone  
  70  7:50  Drone x4  
  74  7:57  Zerg Ground Armor Level 2  
  74  8:05  Zerg Melee Weapons Level 2  
  74  8:09  Drone x7  
  81  8:12  Extractor  
  81  8:13  Extractor  
  81  8:17  Centrifical Hooks  
  81  8:19  Drone  
  82  8:20  Drone x2  
  82  8:37  Hatchery  
  82  8:40  Drone x3  
  84  8:41  Drone x2  
  84  8:42  Drone  
  84  8:44  Zergling x12  
  84  8:47  Muscular Augments  
  93  8:54  Hydralisk  
  93  8:55  Hydralisk x5  
  105  8:57  Baneling x2  
  105  9:01  Zergling x8  
  107  9:17  Zergling x6  
  107  9:18  Zergling x12  
  107  9:20  Baneling x12  
  107  9:22  Hatchery  
  115  9:38  Overseer  
  99  9:41  Drone x3  
  99  9:42  Drone x3  
  105  9:47  Hydralisk x5  
  114  9:57  Drone  
  114  9:58  Hydralisk x2  
  114  9:59  Grooved Spines  
  114  10:01  Zergling x12  
  119  10:15  Zergling x6  
  119  10:16  Zergling x14  
  129  10:22  Zergling x8  
  129  10:27  Overseer  
  133  10:28  Infestation Pit  
  133  10:34  Zergling x10  
  137  10:39  Baneling x12  
  136  10:52  Zergling x2  
  136  10:53  Zergling x24  
  102  11:14  Zergling x4  
  102  11:15  Zergling x18  
  102  11:17  Baneling x8  
  102  11:18  Baneling x2  
  102  11:22  Zergling x2  
  102  11:23  Zergling x4  
  104  11:29  Spawning Pool  
  104  11:32  Zergling x6  
  102  11:34  Baneling x6  
Show
View Real Time Build Order
Export as new Build Order

Rovers Terran 

Build Orders: Reaper Expand 

Get SALT Encoding   

  12  0:00  SCV  
  13  0:13  SCV  
  14  0:17  Supply Depot  
  14  0:25  SCV  
  15  0:39  SCV  
  15  0:40  Barracks  
  16  0:44  Refinery  
  16  0:51  SCV  
  17  1:03  SCV  
  18  1:15  SCV  
  19  1:27  Orbital Command  
  19  1:28  Reaper  
  20  1:42  Command Center  
  20  1:51  Barracks  
  20  1:55  SCV  
  20  2:01  Barracks Reactor  
  21  2:08  SCV  
  22  2:13  Supply Depot  
  22  2:17  Refinery  
  22  2:20  SCV  
  23  2:35  SCV  
  24  2:38  Marine x2  
  24  2:40  Barracks Tech Lab  
  26  2:47  SCV  
  27  2:56  Factory  
  27  2:57  Marine  
  27  2:58  Marine  
  29  2:59  Marine  
  29  3:00  Stimpack  
  29  3:03  Orbital Command  
  30  3:08  SCV  
  31  3:18  Marine x3  
  34  3:20  SCV  
  35  3:32  SCV  
  36  3:34  SCV  
  36  3:37  Marine x2  
  36  3:38  Marine  
  36  3:41  Starport  
  40  3:43  Factory Reactor  
  40  3:44  SCV  
  41  3:54  Supply Depot  
  41  3:55  Supply Depot  
  41  4:04  Marine x3  
  41  4:06  SCV x2  
  46  4:22  Marine x3  
  49  4:27  Medivac x2  
  53  4:33  Supply Depot x2  
  53  4:34  SCV x2  
  55  4:40  Marine x3  
  58  4:48  Engineering Bay  
  58  4:50  Engineering Bay  
  58  4:53  Refinery  
  58  4:54  Factory Tech Lab  
  58  4:58  Marine x3  
  58  4:59  Armory  
  61  5:06  Combat Shield  
  61  5:28  Marine x3  
  60  5:30  Widow Mine  
  60  5:31  SCV  
  60  5:32  SCV  
  61  5:41  Medivac  
  61  5:46  SCV x2, Marine x3  
  66  5:51  Drilling Claws  
  66  5:52  Widow Mine  
  68  5:58  SCV x2  
  68  6:04  Marine x2  
  70  6:09  Marine  
  44  6:21  Marine  
  44  6:22  Siege Tank, Marine  
  49  6:27  Marine  
  49  6:31  Engineering Bay  
  49  6:39  Marine x2  
  50  6:44  Marine, Orbital Command  
  50  6:48  Medivac  
  50  6:53  Engineering Bay  
  48  6:57  Marine x2  
  50  7:02  Marine  
  50  7:05  Supply Depot  
  50  7:08  Supply Depot  
  51  7:11  Supply Depot  
  51  7:12  Supply Depot  
  51  7:15  Marine x2  
  53  7:20  Marine  
  54  7:24  Terran Infantry Armor Level 1, Terran Infantry Weapons Level 1  
  54  7:26  SCV  
  54  7:27  SCV  
  56  7:33  Marine x2  
  56  7:36  Starport Reactor  
  58  7:38  Barracks, Marine  
  58  7:40  SCV x2  
  61  7:56  Marine  
  61  7:57  Marine  
  61  7:58  Marine  
  64  7:59  Widow Mine x2  
  64  8:04  SCV  
  64  8:05  SCV  
  70  8:14  Marine  
  70  8:15  Marine  
  70  8:16  Marine  
  70  8:17  SCV x2  
  75  8:21  Widow Mine x2  
  75  8:24  Supply Depot x2  
  80  8:31  Marine  
  80  8:33  Marine x2  
  80  8:34  Medivac x2  
  85  8:36  Barracks Reactor  
  86  8:49  Marine  
  86  8:51  Marine x2  
  86  8:54  Widow Mine  
  86  8:55  Widow Mine  
  93  8:57  Command Center  
  93  9:02  Supply Depot  
  93  9:07  Marine  
  93  9:08  Supply Depot  
  93  9:09  Marine  
  95  9:16  Widow Mine  
  95  9:20  Marine  
  95  9:21  Marine x2  
  95  9:22  Widow Mine  
  100  9:25  Marine  
  100  9:27  Marine  
  102  9:37  Widow Mine  
  104  9:43  Marine x4  
  104  9:44  Marine  
  109  9:49  Barracks, Terran Infantry Weapons Level 2  
  109  9:50  Barracks  
  109  9:51  Terran Infantry Armor Level 2  
  103  10:03  Marine x3  
  103  10:04  Marine x2  
  108  10:20  SCV x3  
  111  10:22  Refinery x2  
  111  10:31  Marine x4  
  111  10:32  SCV  
  111  10:33  Orbital Command  
  116  10:37  Widow Mine x2  
  120  10:43  Barracks Reactor  
  120  10:47  Supply Depot  
  109  11:18  Marine x4  
  82  11:21  Supply Depot  
  64  11:31  Marine x2  
  64  11:32  Widow Mine x2  
  67  11:36  Marine x4  
  60  11:49  Marine x2  
  60  11:54  Marine x2  
Tags
 
Add a new tag
Caveats
  • Supply blocks, unpowered buildings, or Contaminate may cause inaccurate times.
  • Supply counts are checked every 10 seconds.